| TOP OF THE 1ST |
|
London Majors batting - Pitching for York Revolution : LHP Jonathan Monroy
|
|
Pitching: LHP Jonathan Monroy
|
|
|
Batting: LHB Jessie Stewart
|
0-0: Ball 1-0: Ground out U3 (Groundball, 34, EV 92.5 MPH)
|
|
Batting: RHB Cedric Nicholls
|
0-0: DOUBLE (Flyball, 7LD, EV 107.5 MPH)
|
|
Batting: SHB Toby Patenaude
|
0-0: Called Strike 0-1: Ball 1-1: Fly out, F8 (Flyball, 89D, EV 103.8 MPH) Runner from 2nd tags up, SAFE at 3rd, no throw by CF
|
|
Batting: RHB Cormackle Poohdatoot
|
0-0: 2-RUN HOME RUN (Flyball, 7D, EV 97.5 MPH), Distance : 374 ft
|
|
Batting: RHB Lewis O'Connell
|
0-0: Ball 1-0: Called Strike 1-1: Swinging Strike 1-2: Ball 2-2: Ball 3-2: Base on Balls
|
|
Batting: RHB Joy-shan Li
|
0-0: Ball 1-0: Ball Lewis O'Connell steals 2nd, throwing error, E2 Lewis O'Connell to third 2-0: SINGLE (Groundball, 6S, EV 75.0 MPH) (infield hit) Lewis O'Connell scores
|
|
Batting: RHB Jerry Perez
|
0-0: Foul Ball, location: 2F 0-1: Swinging Strike 0-2: Foul Ball, location: 2F 0-2: Ball 1-2: Ball 2-2: Ball 3-2: Strikes out swinging
|
| Top of the 1st over - 3 runs, 3 hits, 1 error, 1 left on base; London 3 - York 0 |
| BOTTOM OF THE 1ST |
|
York Revolution batting - Pitching for London Majors : RHP Gil Brady
|
|
Pitching: RHP Gil Brady
|
|
|
Batting: LHB Mike Hawk
|
0-0: Foul Ball, location: 2F 0-1: Ball 1-1: Ball 2-1: Called Strike 2-2: Strikes out swinging
|
|
Batting: LHB Bryant Dill
|
0-0: Ball 1-0: Ground out 4-3 (Groundball, 4MD, EV 87.5 MPH)
|
|
Batting: RHB Eddie Serna
|
0-0: Swinging Strike 0-1: Ball 1-1: Swinging Strike 1-2: Foul Ball, location: 2F 1-2: Strikes out swinging
|
| Bottom of the 1st over - 0 runs, 0 hits, 0 errors, 0 left on base; London 3 - York 0 |
| TOP OF THE 2ND |
|
London Majors batting - Pitching for York Revolution : LHP Jonathan Monroy
|
|
Batting: RHB Frank Pinksen
|
0-0: Ball 1-0: Called Strike 1-1: Ball 2-1: Ball 3-1: DOUBLE (Flyball, 8RXD, EV 111.9 MPH)
|
|
Batting: RHB Tom Bergman
|
0-0: Ball 1-0: Ground out 4-3 (Groundball, 4M, EV 79.4 MPH) Frank Pinksen to third
|
|
Batting: LHB Jessie Stewart
|
0-0: Called Strike 0-1: Fly out, F8 (Flyball, 8RD, EV 97.5 MPH) Runner from 3rd tags up, OUT at HOME! 8-2
|
| Top of the 2nd over - 0 runs, 1 hit, 0 errors, 0 left on base; London 3 - York 0 |
| BOTTOM OF THE 2ND |
|
York Revolution batting - Pitching for London Majors : RHP Gil Brady
|
|
Batting: LHB Jean-Claude Vanbiesbrouck
|
0-0: Foul Ball, location: 2F 0-1: Foul Ball, location: 2F 0-2: Ball 1-2: Ball 2-2: Ball 3-2: Fly out, F8 (Flyball, 8RS, EV 89.4 MPH)
|
|
Batting: RHB Dan Shaffer
|
0-0: Ball 1-0: Foul Ball, location: 2F 1-1: Called Strike 1-2: Strikes out swinging
|
|
Batting: LHB Jason Duda
|
0-0: Ball 1-0: Called Strike 1-1: Called Strike 1-2: Ball 2-2: Fly out, F7 (Line Drive, 7, EV 95.0 MPH)
|
| Bottom of the 2nd over - 0 runs, 0 hits, 0 errors, 0 left on base; London 3 - York 0 |
| TOP OF THE 3RD |
|
London Majors batting - Pitching for York Revolution : LHP Jonathan Monroy
|
|
Batting: RHB Cedric Nicholls
|
0-0: Swinging Strike 0-1: Called Strike 0-2: Foul Ball, location: 2F 0-2: SINGLE (Groundball, 6, EV 102.5 MPH)
|
|
Batting: SHB Toby Patenaude
|
0-0: Ball 1-0: Called Strike 1-1: Fly out, F7 (Flyball, 78D, EV 95.0 MPH)
|
|
Batting: RHB Cormackle Poohdatoot
|
0-0: Called Strike 0-1: Ball 1-1: Swinging Strike 1-2: Ball 2-2: Foul Ball, location: 2F 2-2: Foul Ball, location: 2F 2-2: Strikes out swinging
|
|
Batting: RHB Lewis O'Connell
|
0-0: Foul Ball, location: 2F 0-1: Ball 1-1: Swinging Strike 1-2: Ball 2-2: Strikes out looking
|
| Top of the 3rd over - 0 runs, 1 hit, 0 errors, 1 left on base; London 3 - York 0 |
| BOTTOM OF THE 3RD |
|
York Revolution batting - Pitching for London Majors : RHP Gil Brady
|
|
Batting: LHB Jessie Whedbee
|
0-0: Called Strike 0-1: Ball 1-1: Foul Ball, location: 2F 1-2: Ball 2-2: Ball 3-2: Fly out, F7 (Flyball, 7LM, EV 84.4 MPH)
|
|
Batting: LHB Dennis French
|
0-0: Foul Ball, location: 2F 0-1: Foul Ball, location: 2F 0-2: Strikes out looking
|
|
Batting: LHB Quincy Smart
|
0-0: Ground out 1-3 (Groundball, 15S, EV 65.6 MPH)
|
| Bottom of the 3rd over - 0 runs, 0 hits, 0 errors, 0 left on base; London 3 - York 0 |
| TOP OF THE 4TH |
|
London Majors batting - Pitching for York Revolution : LHP Jonathan Monroy
|
|
Batting: RHB Joy-shan Li
|
0-0: Called Strike 0-1: Ball 1-1: Foul Ball, location: 2F 1-2: Foul Ball, location: 2F 1-2: Ground out 5-3 (Groundball, 56, EV 96.9 MPH)
|
|
Batting: RHB Jerry Perez
|
0-0: Called Strike 0-1: Called Strike 0-2: Foul Ball, location: 2F 0-2: Ball 1-2: Strikes out swinging
|
|
Batting: RHB Frank Pinksen
|
0-0: Ball 1-0: Foul Ball, location: 2F 1-1: SINGLE (Groundball, 34D, EV 105.6 MPH)
|
|
Batting: RHB Tom Bergman
|
0-0: Called Strike 0-1: Called Strike 0-2: Strikes out swinging
|
| Top of the 4th over - 0 runs, 1 hit, 0 errors, 1 left on base; London 3 - York 0 |
| BOTTOM OF THE 4TH |
|
York Revolution batting - Pitching for London Majors : RHP Gil Brady
|
|
Batting: LHB Mike Hawk
|
0-0: Ball 1-0: Called Strike 1-1: Swinging Strike 1-2: Strikes out swinging
|
|
Batting: LHB Bryant Dill
|
0-0: Foul Ball, location: 2F 0-1: Swinging Strike 0-2: Foul Ball, location: 2F 0-2: Ball 1-2: Strikes out swinging
|
|
Batting: RHB Eddie Serna
|
0-0: Called Strike 0-1: Ball 1-1: Foul Ball, location: 2F 1-2: Ball 2-2: Foul Ball, location: 2F 2-2: SINGLE (Line Drive, 78M, EV 101.2 MPH)
|
|
Batting: LHB Jean-Claude Vanbiesbrouck
|
0-0: Ball 1-0: Swinging Strike 1-1: Ball 2-1: Fly out, F9 (Flyball, 9LM, EV 93.1 MPH)
|
| Bottom of the 4th over - 0 runs, 1 hit, 0 errors, 1 left on base; London 3 - York 0 |
| TOP OF THE 5TH |
|
London Majors batting - Pitching for York Revolution : LHP Jonathan Monroy
|
|
Batting: LHB Jessie Stewart
|
0-0: Ball 1-0: Called Strike 1-1: Foul Ball, location: 2F 1-2: Ball 2-2: Strikes out swinging
|
|
Batting: RHB Cedric Nicholls
|
0-0: Ball 1-0: Ball 2-0: SINGLE (Groundball, 6MD, EV 100.6 MPH)
|
|
Batting: SHB Toby Patenaude
|
0-0: Foul Ball, location: 2F 0-1: Ball 1-1: Swinging Strike 1-2: Foul Ball, location: 2F 1-2: Foul Ball, location: 2F 1-2: Strikes out swinging
|
|
Pitching: RHP Takuzo Sato
|
|
|
Batting: RHB Cormackle Poohdatoot
|
0-0: Swinging Strike 0-1: Called Strike 0-2: Ball 1-2: Foul Ball, location: 2F 1-2: Strikes out swinging
|
| Top of the 5th over - 0 runs, 1 hit, 0 errors, 1 left on base; London 3 - York 0 |
| BOTTOM OF THE 5TH |
|
York Revolution batting - Pitching for London Majors : RHP Gil Brady
|
|
Batting: RHB Dan Shaffer
|
0-0: Ball 1-0: Called Strike 1-1: Foul Ball, location: 2F 1-2: Fly out, F8 (Flyball, 8LD, EV 101.9 MPH)
|
|
Batting: LHB Jason Duda
|
0-0: Ball 1-0: Ball 2-0: Swinging Strike 2-1: DOUBLE (Line Drive, 78D, EV 103.8 MPH)
|
|
Batting: LHB Jessie Whedbee
|
0-0: Called Strike 0-1: Foul Ball, location: 2F 0-2: Fly out, F8 (Flyball, 8RD, EV 83.8 MPH)
|
|
Batting: LHB Dennis French
|
0-0: Ground out 2-3 (Groundball, 2L, EV 68.8 MPH)
|
| Bottom of the 5th over - 0 runs, 1 hit, 0 errors, 1 left on base; London 3 - York 0 |
| TOP OF THE 6TH |
|
London Majors batting - Pitching for York Revolution : RHP Takuzo Sato
|
|
Batting: RHB Lewis O'Connell
|
0-0: Foul Ball, location: 2F 0-1: SOLO HOME RUN (Flyball, 78XD, EV 99.4 MPH), Distance : 396 ft
|
|
Batting: RHB Joy-shan Li
|
0-0: Called Strike 0-1: Swinging Strike 0-2: Strikes out swinging
|
|
Pinch Hitting: RHB Manny Corral
|
0-0: Ball 1-0: Swinging Strike 1-1: Swinging Strike 1-2: Strikes out looking
|
|
Batting: RHB Frank Pinksen
|
0-0: SOLO HOME RUN (Flyball, 7D, EV 96.2 MPH), Distance : 361 ft
|
|
Pinch Hitting: SHB Mike Fermin
|
0-0: Ball 1-0: Ball 2-0: Called Strike 2-1: Foul Ball, location: 2F 2-2: Hit by Pitch
|
|
Batting: LHB Jessie Stewart
|
0-0: Ball 1-0: Foul Ball, location: 2F 1-1: Foul Ball, location: 2F 1-2: Ground out U3 (Groundball, 3S, EV 66.9 MPH)
|
| Top of the 6th over - 2 runs, 2 hits, 0 errors, 1 left on base; London 5 - York 0 |
| BOTTOM OF THE 6TH |
|
York Revolution batting - Pitching for London Majors : RHP Gil Brady
|
|
Now at 3B: Carlos Murillo
|
|
|
Now in LF: Edwin Esparza
|
|
|
Batting: LHB Quincy Smart
|
0-0: Ball 1-0: Called Strike 1-1: Ball 2-1: Ball 3-1: Ground out 4-3 (Groundball, 4, EV 80.6 MPH)
|
|
Batting: LHB Mike Hawk
|
0-0: Fly out, F7 (Flyball, 78M, EV 91.9 MPH)
|
|
Batting: LHB Bryant Dill
|
0-0: Ball 1-0: Ball 2-0: Ground out 6-3 (Groundball, 6, EV 86.9 MPH)
|
| Bottom of the 6th over - 0 runs, 0 hits, 0 errors, 0 left on base; London 5 - York 0 |
| TOP OF THE 7TH |
|
London Majors batting - Pitching for York Revolution : RHP Takuzo Sato
|
|
Batting: RHB Cedric Nicholls
|
0-0: Foul Ball, location: 2F 0-1: Called Strike 0-2: Strikes out swinging
|
|
Batting: SHB Toby Patenaude
|
0-0: Ground out 3-1 (Groundball, 34, EV 80.6 MPH)
|
|
Batting: RHB Cormackle Poohdatoot
|
0-0: Called Strike 0-1: Foul Ball, location: 2F 0-2: SINGLE (Flyball, 56D, EV 85.6 MPH)
|
|
Batting: RHB Lewis O'Connell
|
0-0: Swinging Strike 0-1: Ball 1-1: Ball 2-1: Swinging Strike 2-2: Foul Ball, location: 2F 2-2: Ball 3-2: Strikes out swinging
|
| Top of the 7th over - 0 runs, 1 hit, 0 errors, 1 left on base; London 5 - York 0 |
| BOTTOM OF THE 7TH |
|
York Revolution batting - Pitching for London Majors : RHP Gil Brady
|
|
Batting: RHB Eddie Serna
|
0-0: Called Strike 0-1: Swinging Strike 0-2: Ball 1-2: Foul Ball, location: 2F 1-2: Ground out 1-3 (Groundball, 13S, EV 68.1 MPH)
|
|
Batting: LHB Jean-Claude Vanbiesbrouck
|
0-0: Ball 1-0: Swinging Strike 1-1: Swinging Strike 1-2: Strikes out swinging
|
|
Batting: RHB Dan Shaffer
|
0-0: Ground out 6-3 (Groundball, 6, EV 88.8 MPH)
|
| Bottom of the 7th over - 0 runs, 0 hits, 0 errors, 0 left on base; London 5 - York 0 |
| TOP OF THE 8TH |
|
London Majors batting - Pitching for York Revolution : RHP Takuzo Sato
|
|
Batting: RHB Joy-shan Li
|
0-0: Ball 1-0: Foul Ball, location: 2F 1-1: Foul Ball, location: 2F 1-2: Strikes out swinging
|
|
Batting: RHB Carlos Murillo
|
0-0: Called Strike 0-1: Foul Ball, location: 2F 0-2: Ball 1-2: Strikes out swinging
|
|
Batting: RHB Frank Pinksen
|
0-0: Swinging Strike 0-1: Ball 1-1: Swinging Strike 1-2: Ground out U3 (Groundball, 3, EV 89.4 MPH)
|
| Top of the 8th over - 0 runs, 0 hits, 0 errors, 0 left on base; London 5 - York 0 |
| BOTTOM OF THE 8TH |
|
York Revolution batting - Pitching for London Majors : RHP Gil Brady
|
|
Batting: LHB Jason Duda
|
0-0: Ball 1-0: Called Strike 1-1: Swinging Strike 1-2: Foul Ball, location: 2F 1-2: Foul Ball, location: 2F 1-2: Ball 2-2: SINGLE (Line Drive, 7LS, EV 88.1 MPH)
|
|
Batting: LHB Jessie Whedbee
|
0-0: Foul Ball, location: 2F 0-1: Foul Ball, location: 2F 0-2: Ball 1-2: Foul Ball, location: 2F 1-2: Ball 2-2: Ball 3-2: Foul Ball, location: 2F 3-2: Foul Ball, location: 2F 3-2: Fielders Choice at 2nd, 3-6 (Groundball, 34S, EV 91.9 MPH)
|
|
Batting: LHB Dennis French
|
0-0: Ball 1-0: Ball 2-0: Foul Ball, location: 2F 2-1: Ball 3-1: Called Strike 3-2: SINGLE (Groundball, 34D, EV 103.1 MPH) Jessie Whedbee to second Runner from 2nd tries for 3rd, SAFE, throw by RF made to third
|
|
Pitching: LHP Frank Cota
|
|
|
Batting: LHB Quincy Smart
|
0-0: Called Strike 0-1: Hit by Pitch Dennis French to second
|
|
Pinch Hitting: RHB Frank Ramirez
|
0-0: GRAND SLAM HOME RUN (Flyball, 7D, EV 102.5 MPH), Distance : 382 ft
|
|
Pinch Hitting: RHB Nick Maxwell
|
0-0: Swinging Strike 0-1: Ball 1-1: Ball 2-1: Swinging Strike 2-2: Ball 3-2: Ground out 5-3 (Groundball, 56, EV 83.8 MPH)
|
|
Batting: RHB Eddie Serna
|
0-0: Fly out, F9 (Flyball, 89M, EV 90.0 MPH)
|
| Bottom of the 8th over - 4 runs, 3 hits, 0 errors, 0 left on base; London 5 - York 4 |
| TOP OF THE 9TH |
|
London Majors batting - Pitching for York Revolution : RHP Takuzo Sato
|
|
Pitching: RHP RĂ¼diger Stritter
|
|
|
Now at 3B: Nick Maxwell
|
|
|
Now in CF: Frank Ramirez
|
|
|
Pinch Hitting: RHB Chad Colyer
|
0-0: Foul Ball, location: 2F 0-1: Ball 1-1: Ball 2-1: Ball 3-1: Base on Balls
|
|
Batting: LHB Jessie Stewart
|
0-0: Swinging Strike 0-1: Called Strike 0-2: Ball 1-2: Foul Ball, location: 2F 1-2: Ball 2-2: Strikes out swinging
|
|
Batting: RHB Cedric Nicholls
|
0-0: Ground out 5-3 (Groundball, 56S, EV 68.1 MPH) Chad Colyer to second
|
|
Pinch Hitting: RHB Brandon Williams
|
0-0: Ball 1-0: Ball 2-0: Ball 3-0: Base on Balls
|
|
Batting: RHB Cormackle Poohdatoot
|
0-0: Foul Ball, location: 2F 0-1: Called Strike 0-2: Ball 1-2: Ball 2-2: Ball 3-2: Foul Ball, location: 2F 3-2: Strikes out swinging
|
| Top of the 9th over - 0 runs, 0 hits, 0 errors, 2 left on base; London 5 - York 4 |
| BOTTOM OF THE 9TH |
|
York Revolution batting - Pitching for London Majors : LHP Frank Cota
|
|
Pitching: RHP Chris Mansfield
|
|
|
Now at 2B: Mike Vaughan
|
|
|
Now in LF: Salvador Ramos
|
|
|
Batting: LHB Jean-Claude Vanbiesbrouck
|
0-0: Swinging Strike 0-1: Swinging Strike 0-2: Strikes out swinging
|
|
Pinch Hitting: LHB Ryan Young
|
0-0: Ball 1-0: Fly out, F9 (Flyball, 9, EV 88.8 MPH)
|
|
Batting: LHB Jason Duda
|
0-0: Swinging Strike 0-1: Foul Ball, location: 2F 0-2: Strikes out swinging
|
| Bottom of the 9th over - 0 runs, 0 hits, 0 errors, 0 left on base; London 5 - York 4 |
|